 Dungeon Crawl Stone Soup version 0.19-a0-1608-g4cf22de (webtiles) character file.

396 Alarkh the Grave Robber (level 6, -1/41 HPs)
             Began as a Mummy Necromancer on Sept 17, 2016.
             Killed from afar by an orc wizard (5 damage)
             ... with a magic dart
             ... on level 3 of the Dungeon.
             The game lasted 00:04:05 (2832 turns).

Alarkh the Grave Robber (Mummy Necromancer)         Turns: 2832, Time: 00:04:05

Health: -1/41      AC:  3    Str: 11    XL:     6   Next: 52%
Magic:  1/13       EV: 12    Int: 17    God:
Gold:   148        SH:  0    Dex: 16    Spells: 4 memorised, 2 levels left

rFire  x . .     SeeInvis .     r - +0 falchion
rCold  + . .     Gourm    .     a - +1 robe
rNeg   + + +     Faith    .     (no shield)
rPois  ∞         Spirit   .     (no helmet)
rElec  .         Dismiss  .     (no cloak)
rCorr  +         Reflect  .     (no gloves)
MR     .....     Harm     .     (no boots)
Stlth  ++........               (no amulet)
                                m - ring of resist corrosion
                                c - +4 ring of dexterity

@: no status effects
A: no food or potions, fire vulnerability, cold resistance 1, negative energy
resistance 3, torment resistance, unbreathing
a: no special abilities


You were on level 3 of the Dungeon.
You were not hungry.

You visited 1 branch of the dungeon, and saw 4 of its levels.

You collected 148 gold pieces.

Inventory:

Hand Weapons
 d - a +1 dagger of speed
 r - a +0 falchion (weapon)
Armour
 a - a +1 robe (worn)
 h - a +0 scale mail of cold resistance
 q - a +3 chain mail
Jewellery
 c - a +4 ring of dexterity (left hand)
 m - a ring of resist corrosion (right hand)
Scrolls
 e - a scroll of identify
 f - a scroll of recharging
 g - a scroll of fear
 i - a scroll of enchant armour
 j - 2 scrolls of remove curse {unknown}
 k - a scroll of teleportation
 l - a scroll of immolation
 n - a scroll of random uselessness {unknown}
 o - a scroll of enchant weapon {unknown}
 p - a scroll of amnesia {unknown}
Books
 b - a book of Necromancy

   Spells                             Type                      Level
   a - Pain                           Necromancy                   1
   b - Animate Skeleton               Necromancy                   1
   c - Vampiric Draining              Necromancy                   3
   d - Regeneration                   Charms/Necromancy            3
   e - Animate Dead                   Necromancy                   4
   f - Control Undead                 Necromancy                   4


   Skills:
 - Level 1.5 Dodging
 - Level 1.5 Stealth
 + Level 4.7 Spellcasting
 + Level 6.2 Necromancy


You had 2 spell levels left.
You knew the following spells:

 Your Spells              Type           Power        Failure   Level  Hunger
a - Pain                  Necr           ####         1%          1    N/A
b - Vampiric Draining     Necr           ####......   4%          3    N/A
c - Control Undead        Necr           ####......   14%         4    N/A
d - Animate Dead          Necr           N/A          14%         4    N/A

Dungeon Overview and Level Annotations

Branches:
Dungeon (4/15)
 Temple: D:4-7

Altars:
Qazlal
Yredelemnul


Innate Abilities, Weirdness & Mutations

You do not eat or drink.
Your flesh is vulnerable to fire.
You are immune to poison.
Your flesh is cold resistant. (rC+)
You are immune to negative energy. (rN+++)
You are immune to unholy pain and torment.
You can survive without breathing.


Message History

Wield which item (- for none, * to show all)? (? for menu, Esc to quit)
r - a +0 falchion (weapon)
Something hits you.
* * * LOW HITPOINT WARNING * * *
Casting: Pain
Confirm with . or Enter, or press ? or * to list all spells.
Aiming: Pain
Press: ? - help, Shift-Dir - straight line Nothing appears to happen.
Something hits you.
* * * LOW HITPOINT WARNING * * *
There is a stone staircase leading up here.
Something hits you.
* * * LOW HITPOINT WARNING * * *
You climb upwards.
There is a stone staircase leading down here.
You start resting.
Something hits you but does no damage.
You hear some strange, mumbled words.
A magic dart appears from out of thin air!
The magic dart hits you!
You die...

...).........###.# #......#######
........[.....##.# #......# #
......).)...#.##.# #......# #
#+###.#######..#.# ###'#### # #.#
#.# ##.#.# #.### ##### #.###.#
#...# #<..# #....
#.....#########..#####...####....
####............>...........'....
#.###########@#####...####....
#.......# #.# #...# #....
#######.# #.# #...# #.... #.# #.#
##### #.... #.#####.# #....
#.......# #.... ######### #####


There were no monsters in sight!

Vanquished Creatures
  A human (D:2)
  An orc priest (D:4)
  2 orc wizards (D:4)
  8 adders
  An ooze (D:1)
  2 worms (D:2)
  5 dart slugs
  11 orcs
  2 giant cockroaches
  9 goblins
  11 hobgoblins
  A quokka (D:3)
  A ball python (D:3)
  5 bats
  7 frilled lizards
  A jackal zombie (D:2)
  11 kobolds
  3 rats
82 creatures vanquished.

Notes
Turn   | Place    | Note
-------+----------+-------------------------------------------
     0 | D:1      | Alarkh the Mummy Necromancer began the quest for the Orb.
     0 | D:1      | Reached XP level 1. HP: 13/13 MP: 3/3
   299 | D:1      | Reached XP level 2. HP: 18/19 MP: 0/5
   998 | D:2      | Reached XP level 3. HP: 24/24 MP: 7/7
  1183 | D:2      | Learned a level 3 spell: Vampiric Draining
  1393 | D:2      | Reached XP level 4. HP: 22/30 MP: 0/8
  1591 | D:2      | Found a runed door.
  1591 | D:2      | Noticed a human
  1603 | D:2      | Found a basalt altar of Yredelemnul.
  1637 | D:2      | Killed a human
  1637 | D:2      | Reached skill level 5 in Necromancy
  1637 | D:2      | Reached XP level 5. HP: 28/35 MP: 0/11
  1711 | D:2      | Learned a level 4 spell: Control Undead
  1716 | D:2      | Learned a level 4 spell: Animate Dead
  2269 | D:3      | Reached XP level 6. HP: 41/41 MP: 1/12
  2446 | D:3      | Found a stormy altar of Qazlal.
  2730 | D:4      | Reached skill level 6 in Necromancy
  2832 | D:3      | Killed from afar by an orc wizard

Vault maps used:
D:1:      shiori_arrival_maze, dk_noncrumbling_3
D:2:      serial_co_window_serial, co_window_paths_b,
          co_window_of_opportunity_a, co_window_cross_1, co_window_paths_a,
          co_window_paths_b, co_window_corner_b, co_window_of_opportunity_b,
          co_window_broadway_a, dk_yredelemnul_ordeal
D:3:      nicolae_qazlal_general_emergency
D:4:      lemuel_doored_altar

Skill      XL: |  1  2  3  4  5  6 |
---------------+-------------------+-----
Spellcasting   | 3 4 |  4.7
Necromancy     | 5 6 |  6.2
Dodging        | |  1.5
Stealth        | |  1.5

Action                   |  1- 3 |  4- 6 || total
-------------------------+-------+-------++-------
Melee: Unarmed           |     6 |       ||     6
       Dagger            |    49 |    22 ||    71
 Cast: Pain              |    56 |   101 ||   157
       Vampiric Draining |       |     2 ||     2
       Animate Dead      |       |     1 ||     1
  Use: Scroll            |     2 |     3 ||     5
 Stab: Sleeping          |     3 |       ||     3
       Distracted        |       |     1 ||     1
Armor: Robe              |     9 |    11 ||    20
Dodge: Dodged            |    40 |    32 ||    72
